 Dungeon Crawl Stone Soup version 0.29.1-13-g9f3cf754e1 (webtiles) character file.

Game seed: 17532082032577459919

190 Thatpatchoflichen the Ducker (level 5, -6/45 HPs)
             Began as a Ghoul Gladiator on Jan 21, 2023.
             Mangled by an orc warrior
             ... wielding a +1 glaive of protection
              (19 damage)
             ... on level 4 of the Dungeon.
             The game lasted 00:06:08 (2450 turns).

Thatpatchoflichen the Ducker (Ghoul Gladiator)      Turns: 2450, Time: 00:06:08

Health: -6/45      AC:  9    Str: 20    XL:     5   Next: 69%
Magic:  4/4        EV: 10    Int:  3    God:
Gold:   111        SH:  0    Dex: 10    Spells: 4/4 levels left

rFire   . . .      SeeInvis .   j - +0 quarterstaff (spect)
rCold   + . .      Faith    .   (shield currently unavailable)
rNeg    + + +      Spirit   .   h - +0 scale mail
rPois   ∞          Reflect  .   f - +0 helmet
rElec   .          Harm     .   p - +0 cloak
rCorr   +          Rampage  .   (no gloves)
Will    .....                   n - +0 pair of boots
Stlth   ..........              (no amulet)
HPRegen 0.00/turn               q - ring of resist corrosion
MPRegen 0.09/turn               (no ring)

@: inhibited regen
A: claws 1, cold resistance 1, negative energy resistance 3, inhibited
regeneration, torment resistance 2, devour on kill
a: no special abilities


You were on level 4 of the Dungeon.
You visited 1 branch of the dungeon, and saw 4 of its levels.

You collected 111 gold pieces.

Inventory:

Hand Weapons
 a - a +0 trident
 j - a +0 spectral quarterstaff (weapon)
Missiles
 d - 3 throwing nets (quivered)
 e - a javelin
 y - 4 atropa-tipped darts
Armour
 f - a +0 helmet (worn)
 h - a +0 scale mail (worn)
 n - a +0 pair of boots (worn)
 p - a +0 cloak (worn)
Jewellery
 q - a ring of resist corrosion (left claw)
Wands
 x - a wand of iceblast (7)
Scrolls
 b - 2 scrolls of torment {unknown}
 c - 4 scrolls of identify {unknown}
 k - 2 scrolls of enchant weapon {unknown}
 o - a scroll of blinking {unknown}
 r - a scroll of amnesia {unknown}
 s - a scroll of poison {unknown}
 t - a scroll of magic mapping {unknown}
 w - a scroll of vulnerability {unknown}
Potions
 g - a potion of invisibility {unknown}
 i - a potion of attraction {unknown}
 l - a potion of curing {unknown}
 m - a potion of mutation {unknown}
 u - a potion of heal wounds {unknown}
 v - a potion of degeneration {unknown}


   Skills:
 + Level 3.5 Fighting
 - Level 2.8(3.1) Polearms
 + Level 2.0(2.7) Staves
 - Level 1.7 Throwing
 + Level 2.1 Armour
 + Level 3.6 Dodging


You had 4 spell levels left.
You didn't know any spells.
Your spell library was empty.

Dungeon Overview and Level Annotations

Branches:
Dungeon (4/15)
 Temple: D:4-7

Altars:


Innate Abilities, Weirdness & Mutations

You are immune to poison.
You have sharp fingernails.
Your flesh is cold resistant. (rC+)
You are immune to negative energy. (rN+++)
You do not regenerate when monsters are visible.
You are immune to unholy pain and torment.
You thrive by killing the living.


Message History

The orc shouts!
An orc comes into view. It is wielding a +0 club.
An orc comes into view. It is wielding a +0 trident.
The orc moves out of view.
Found 5 gold pieces.
The orc shouts!
You hear a shout!
An orc warrior comes into view.
It is wielding a +1 glaive of protection.
The orc throws a boomerang.
The boomerang hits you but does no damage.
You hit the goblin.
The goblin is severely wounded.
Your +0 spectral quarterstaff barely misses the goblin.
The goblin hits you but does no damage.
You sock the goblin!
You kill the goblin!
You sock the orc!
You kill the orc!
The orc priest looks satisfied for a moment.
An orc comes into view. It is wielding a +0 club.
Things that are here:
a +0 club; a +0 ring mail The orc shouts!
The orc priest hits you with a +0 mace.
You sock the orc priest!
The orc priest is almost dead.
Your +0 spectral quarterstaff hits the orc priest.
You kill the orc priest!
The orc warrior hits you from afar with a +1 glaive of protection.
Your Staves skill increases to level 2!
The orc attacks as you move away! The orc hits you but does no damage.
The orc warrior hits you from afar with a +1 glaive of protection.
The orc warrior barely misses you.
You barely miss the orc warrior.
The orc warrior hits you with a +1 glaive of protection!
You thump the orc warrior!
The orc warrior is moderately wounded.
The orc warrior hits you with a +1 glaive of protection!
* * * LOW HITPOINT WARNING * * *
The orc warrior hits you from afar with a +1 glaive of protection!!
You die...

#.## #. ... #..# #.
.o8. #..# # #. #.8$#
##..# #.#. #.o. #...#
###.#.##.o. #.#..#
.....#.§# ..##..#
####.#.#.##########..#
.).....))ooo.@.......#
......)..o####....##.#
########### ###.....#
##.#### #.# #.# #.#
#.# #.#


You could see an orc warrior and 3 orcs.

Vanquished Creatures
  A scorpion (D:4)
  An orc priest (D:4)
  Terence (D:2)
  2 adders (D:3)
  3 dart slugs
  3 orcs
  5 endoplasms
  3 giant cockroaches
  4 goblins
  4 hobgoblins
  7 jackals
  A quokka (D:1)
  6 ball pythons
  2 bats
  3 frilled lizards
  3 kobolds
  4 rats
53 creatures vanquished.

Vanquished Creatures (others)
  3 plants (D:3)
3 creatures vanquished.

Grand Total: 56 creatures vanquished

Notes
Turn   | Place    | Note
-------+----------+-------------------------------------------
     0 | D:1      | Thatpatchoflichen the Ghoul Gladiator began the quest for
                  | the Orb.
     0 | D:1      | Reached XP level 1. HP: 17/17 MP: 0/0
   328 | D:1      | Reached XP level 2. HP: 22/25 MP: 1/1
   370 | D:1      | Found a faded altar of an unknown god.
   989 | D:3      | Reached XP level 3. HP: 30/30 MP: 2/2
  1013 | D:2      | Reached skill level 1 in Armour
  1013 | D:2      | Noticed Terence
  1019 | D:2      | Killed Terence
  1020 | D:2      | Reached skill level 1 in Staves
  1229 | D:2      | Reached XP level 4. HP: 37/37 MP: 3/3
  2408 | D:4      | Noticed a scorpion
  2411 | D:4      | Killed a scorpion
  2412 | D:4      | Reached XP level 5. HP: 45/45 MP: 4/4
  2432 | D:4      | Noticed an orc warrior
  2450 | D:4      | Mangled by an orc warrior

Illustrated notes

Levels and vault maps discovered:
D:1:      co_arrival_square_in_a_square_in_a_square, layout_basic,
          ebering_ecumenical_altar_ruins
D:2:      layout_rooms, uniq_terence
D:3:      layout_loops_ring, serial_forest, infiniplex_forest_end_3,
          infiniplex_forest_diagonal, infiniplex_forest_straight_4,
          infiniplex_forest_3_way, infiniplex_forest_clump_double,
          infiniplex_forest_clump_small, infiniplex_forest_split,
          infiniplex_forest_lined_4_way
D:4:      layout_basic, general_overflow_altar, serial_shops, shop,
          guppyfry_early_orc_mine

Skill      XL: |  1  2  3  4  5 |
---------------+----------------+-----
Dodging        | 3 |  3.6
Armour         | 1 2 |  2.1
Staves         | 1 2 |  2.0
Fighting       | 3 |  3.5
Polearms       | |  2.8
Throwing       | |  1.7

Action                   |  1- 3 |  4- 6 || total
-------------------------+-------+-------++-------
Melee: Trident           |    14 |       ||    14
       Quarterstaff      |    33 |    47 ||    80
Armor: Leather armour    |    16 |       ||    16
       Scale mail        |     9 |    32 ||    41
Dodge: Dodged            |    21 |    25 ||    46
